General information
- name: BNet
- type: Ladder team game (AT/RT)
- host: Battle.net
- saver: FOREST-GUMP
map: Mur'gulOasis
- players: 8
- length: 44:25
- speed: Fast
- version: 1.26 W3XP
- replay type: Public
» download(325 KB)
Players
team 1 (loser)

»
Oshlt (
blue | 49 APM | 1451 actions | 29:49)
6 Paladin
1 Holy Light
2 Devotion Aura
2 Divine Shield
1 Resurrection
3 Mountain King
2 Storm Bolt
1 Bash
» actions
| Basic commands | 95 | |
| Build / train | 89 | |
| Enter build submenu | 24 | |
| Enter hero's abilities submenu | 11 | |
| Give item / drop item | 1 | |
| Right click | 787 | |
| Select / deselect | 305 | |
| Use ability | 139 | |
1451 total
» units
| Peasant | 8 | |
| Rifleman | 16 | |
| Mortar Team | 14 | |
| Siege Engine | 1 | |
39 total
» upgrades
| Gunpowder | 3 | |
| Armor | 2 | |
| Long Rifles | 1 | |
| Lumber Harvesting | 1 | |
| Fragmentation Shards | 1 | |
| Barrage | 1 | |
9 total
» buildings
| Altar of Kings | 1 | |
| Farm | 11 | |
| Barracks | 2 | |
| Lumber Mill | 1 | |
| Blacksmith | 1 | |
| Arcane Vault | 1 | |
| Keep | 2 | |
| Workshop | 2 | |
| Scout Tower | 1 | |
| Arcane Tower | 1 | |
| Castle | 2 | |
25 total
» build order
00:21 Altar of Kings
00:22 Farm
00:58 Barracks
01:00 Farm
02:00 Lumber Mill
02:17 Blacksmith
02:45 Arcane Vault
03:02 Barracks
03:10 Farm
03:58 Farm
04:43 Farm
05:21 Keep
05:22 Keep
08:45 Workshop
08:48 Workshop
08:54 Scout Tower
08:58 Farm
09:13 Farm
10:04 Arcane Tower
11:41 Castle
11:45 Farm
11:49 Farm
13:21 Farm
13:22 Farm
» items
| Scroll of Regeneration | 6 | |
| Lesser Clarity Potion | 3 | |
| Scroll of Town Portal | 2 | |
| Potion of Lesser Invulnerability | 2 | |
| Scroll of Protection | 1 | |
14 total

»
SujiroKifuja (
teal | 108 APM | 2794 actions | 25:50)
5 Demon Hunter
3 Mana Burn
2 Evasion
» actions
| Assign group hotkey | 105 | |
| Basic commands | 203 | |
| Build / train | 72 | |
| ESC pressed | 4 | |
| Enter build submenu | 18 | |
| Enter hero's abilities submenu | 5 | |
| Right click | 569 | |
| Select / deselect | 218 | |
| Select group hotkey | 1352 | |
| Use ability | 248 | |
2794 total
» units
| Wisp | 25 | |
| Huntress | 9 | |
| Dryad | 12 | |
| Druid of the Claw | 5 | |
| Hippogryph | 5 | |
56 total
» upgrades
| Abolish Magic | 3 | |
| Druid of the Claw Training | 2 | |
| Mark of the Claw | 1 | |
| Ultravision | 1 | |
7 total
» buildings
| Altar of Elders | 1 | |
| Moon Well | 7 | |
| Hunter's Hall | 1 | |
| Ancient of War | 2 | |
| Tree of Ages | 1 | |
| Ancient Protector | 1 | |
| Ancient of Lore | 5 | |
| Ancient of Wind | 2 | |
| Tree of Eternity | 1 | |
| Ancient of Wonders | 1 | |
22 total
» build order
00:22 Altar of Elders
00:23 Moon Well
01:24 Hunter's Hall
01:50 Ancient of War
02:18 Moon Well
02:34 Ancient of War
03:16 Moon Well
04:28 Tree of Ages
05:11 Ancient Protector
06:07 Moon Well
08:02 Ancient of Lore
08:03 Ancient of Lore
08:05 Ancient of Lore
11:27 Ancient of Wind
11:28 Ancient of Wind
12:40 Tree of Eternity
12:43 Ancient of Wonders
17:09 Ancient of Lore
17:09 Ancient of Lore
18:32 Moon Well
18:35 Moon Well
20:34 Moon Well
WoX (
orange | 57 APM | 807 actions | 14:16)
3 Demon Hunter
2 Mana Burn
1 Evasion
» actions
| Build / train | 27 | |
| Enter build submenu | 10 | |
| Enter hero's abilities submenu | 3 | |
| Right click | 424 | |
| Select / deselect | 315 | |
| Use ability | 28 | |
807 total
» units
» upgrades
| Strength of the Moon | 1 | |
| Moon Armor | 1 | |
| Ultravision | 1 | |
3 total
» buildings
| Moon Well | 4 | |
| Altar of Elders | 1 | |
| Ancient of War | 2 | |
| Hunter's Hall | 1 | |
| Tree of Ages | 1 | |
9 total
» build order
00:09 Moon Well
00:11 Altar of Elders
01:30 Ancient of War
01:54 Moon Well
02:09 Hunter's Hall
02:55 Ancient of War
03:39 Moon Well
06:48 Moon Well
07:56 Tree of Ages
LoveHateLove (
green | 72 APM | 3181 actions | 44:25)
7 Blood Mage
3 Flame Strike
2 Siphon Mana
1 Summon Phoenix
1 Banish
1 Paladin
1 Holy Light
» actions
| Assign group hotkey | 578 | |
| Basic commands | 66 | |
| Build / train | 95 | |
| Enter build submenu | 28 | |
| Enter hero's abilities submenu | 8 | |
| Give item / drop item | 1 | |
| Right click | 1645 | |
| Select / deselect | 405 | |
| Select group hotkey | 259 | |
| Use ability | 96 | |
3181 total
» units
| Peasant | 10 | |
| Footman | 8 | |
| Gryphon Rider | 10 | |
| Dragonhawk Rider | 12 | |
40 total
» upgrades
| Lumber Harvesting | 1 | |
| Swords | 3 | |
| Masonry | 1 | |
| Cloud | 1 | |
| Animal War Training | 1 | |
| Armor | 2 | |
| Storm Hammers | 1 | |
10 total
» buildings
| Altar of Kings | 3 | |
| Barracks | 2 | |
| Farm | 7 | |
| Arcane Vault | 1 | |
| Keep | 5 | |
| Lumber Mill | 2 | |
| Scout Tower | 4 | |
| Gryphon Aviary | 3 | |
| Blacksmith | 1 | |
| Castle | 1 | |
| Guard Tower | 1 | |
| Town Hall | 3 | |
33 total
» build order
00:46 Altar of Kings
00:48 Barracks
00:53 Barracks
00:55 Altar of Kings
00:57 Altar of Kings
01:07 Farm
01:09 Farm
01:18 Farm
02:05 Farm
02:47 Arcane Vault
03:18 Keep
03:18 Keep
03:18 Keep
03:18 Keep
04:23 Lumber Mill
04:25 Scout Tower
06:40 Farm
06:41 Farm
07:35 Gryphon Aviary
07:35 Gryphon Aviary
07:36 Gryphon Aviary
07:41 Farm
07:44 Blacksmith
07:47 Castle
11:15 Scout Tower
11:15 Scout Tower
11:16 Scout Tower
12:02 Guard Tower
12:53 Lumber Mill
22:32 Town Hall
33:45 Town Hall
36:25 Town Hall
» items
| Scroll of Regeneration | 12 | |
| Boots of Speed | 1 | |
| Potion of Invisibility | 2 | |
| Staff of Teleportation | 1 | |
| Scroll of Town Portal | 6 | |
| Potion of Healing | 5 | |
27 total
team 2 (winner)

»
AGENT.NUBSTYX (
pink | 102 APM | 3657 actions | 35:54)
4 Death Knight
2 Death Coil
2 Unholy Aura
3 Lich
2 Frost Nova
1 Frost Armor
» actions
| Assign group hotkey | 21 | |
| Basic commands | 26 | |
| Build / train | 92 | |
| Enter build submenu | 20 | |
| Enter hero's abilities submenu | 8 | |
| Give item / drop item | 6 | |
| Remove unit from queue | 15 | |
| Right click | 1486 | |
| Select / deselect | 350 | |
| Select group hotkey | 1480 | |
| Use ability | 153 | |
3657 total
» units
| Acolyte | 5 | |
| Ghoul | 10 | |
| Gargoyle | 12 | |
| Obsidian Statue | 2 | |
29 total
» upgrades
| Unholy Strength | 1 | |
| Cannibalize | 1 | |
| Creature Attack | 2 | |
| Stone Form | 1 | |
| Ghoul Frenzy | 1 | |
6 total
» buildings
| Crypt | 3 | |
| Ziggurat | 7 | |
| Altar of Darkness | 2 | |
| Tomb of Relics | 1 | |
| Graveyard | 1 | |
| Halls of the Dead | 1 | |
| Spirit Tower | 4 | |
| Nerubian Tower | 2 | |
| Slaughterhouse | 1 | |
| Sacrificial Pit | 1 | |
| Black Citadel | 1 | |
| Necropolis | 1 | |
25 total
» build order
00:15 Crypt
00:20 Ziggurat
00:39 Altar of Darkness
00:57 Altar of Darkness
01:16 Ziggurat
01:43 Tomb of Relics
02:34 Graveyard
02:54 Ziggurat
05:17 Halls of the Dead
05:42 Ziggurat
05:50 Ziggurat
05:51 Spirit Tower
06:22 Crypt
06:25 Crypt
06:37 Ziggurat
07:09 Spirit Tower
09:01 Nerubian Tower
09:01 Nerubian Tower
10:21 Slaughterhouse
12:35 Sacrificial Pit
14:17 Black Citadel
16:00 Ziggurat
19:07 Spirit Tower
19:07 Spirit Tower
28:26 Necropolis
» items
| Rod of Necromancy | 8 | |
| Dust of Appearance | 6 | |
| Scroll of Town Portal | 2 | |
| Orb of Corruption | 1 | |
| Potion of Healing | 1 | |
| Boots of Speed | 2 | |
| Potion of Lesser Invulnerability | 2 | |
| Staff of Teleportation | 2 | |
24 total
TheAngryPenguin (
purple | 101 APM | 4470 actions | 44:25)
6 Death Knight
3 Death Coil
2 Unholy Aura
1 Animate Dead
5 Crypt Lord
3 Carrion Beetles
2 Spiked Carapace
3 Dreadlord
2 Sleep
1 Vampiric Aura
» actions
| Assign group hotkey | 34 | |
| Basic commands | 496 | |
| Build / train | 72 | |
| ESC pressed | 1 | |
| Enter build submenu | 17 | |
| Enter hero's abilities submenu | 14 | |
| Right click | 1403 | |
| Select / deselect | 591 | |
| Select group hotkey | 1778 | |
| Use ability | 64 | |
4470 total
» units
| Acolyte | 4 | |
| Ghoul | 3 | |
| Crypt Fiend | 22 | |
| Obsidian Statue | 2 | |
| Gargoyle | 6 | |
37 total
» upgrades
| Creature Attack | 3 | |
| Creature Carapace | 3 | |
| Web | 1 | |
| Burrow | 1 | |
8 total
» buildings
| Ziggurat | 10 | |
| Crypt | 2 | |
| Altar of Darkness | 1 | |
| Graveyard | 1 | |
| Nerubian Tower | 1 | |
| Spirit Tower | 5 | |
| Tomb of Relics | 1 | |
| Halls of the Dead | 1 | |
| Slaughterhouse | 1 | |
| Black Citadel | 1 | |
24 total
» build order
00:21 Ziggurat
00:31 Crypt
01:00 Altar of Darkness
01:22 Graveyard
01:36 Nerubian Tower
02:18 Ziggurat
03:20 Spirit Tower
03:34 Tomb of Relics
04:33 Ziggurat
05:26 Halls of the Dead
05:36 Spirit Tower
06:40 Ziggurat
08:40 Slaughterhouse
12:48 Ziggurat
12:53 Ziggurat
14:37 Ziggurat
14:38 Ziggurat
14:41 Ziggurat
15:15 Ziggurat
15:19 Black Citadel
15:40 Spirit Tower
15:42 Spirit Tower
15:44 Spirit Tower
33:32 Crypt
» items
| Rod of Necromancy | 1 | |
| Scroll of Town Portal | 1 | |
2 total

»
JIMMMMMMMMM (
yellow | 86 APM | 3349 actions | 38:51)
5 Demon Hunter
2 Mana Burn
3 Evasion
5 Naga Sea Witch
2 Frost Arrows
3 Forked Lightning
» actions
| Assign group hotkey | 104 | |
| Basic commands | 38 | |
| Build / train | 77 | |
| Enter build submenu | 25 | |
| Enter hero's abilities submenu | 10 | |
| Give item / drop item | 5 | |
| Right click | 1702 | |
| Select / deselect | 639 | |
| Select group hotkey | 542 | |
| Use ability | 207 | |
3349 total
» units
| Wisp | 22 | |
| Archer | 7 | |
| Dryad | 5 | |
| Mountain Giant | 1 | |
| Druid of the Claw | 8 | |
43 total
» upgrades
| Druid of the Claw Training | 2 | |
| Abolish Magic | 1 | |
| Mark of the Claw | 1 | |
| Reinforced Hides | 2 | |
| Well Spring | 1 | |
7 total
» buildings
| Moon Well | 6 | |
| Altar of Elders | 1 | |
| Ancient of War | 1 | |
| Hunter's Hall | 1 | |
| Tree of Ages | 1 | |
| Ancient of Wonders | 1 | |
| Ancient of Lore | 2 | |
| Tree of Eternity | 1 | |
| Tree of Life | 1 | |
| Ancient Protector | 9 | |
| Ancient of Wind | 1 | |
25 total
» build order
00:19 Moon Well
00:34 Altar of Elders
01:14 Ancient of War
01:29 Moon Well
02:26 Hunter's Hall
02:43 Moon Well
03:09 Tree of Ages
04:10 Ancient of Wonders
05:55 Ancient of Lore
05:58 Ancient of Lore
06:21 Moon Well
11:34 Tree of Eternity
22:28 Moon Well
22:31 Moon Well
24:21 Tree of Life
24:22 Ancient Protector
24:26 Ancient Protector
24:27 Ancient Protector
24:29 Ancient Protector
24:34 Ancient Protector
24:46 Ancient Protector
27:41 Ancient of Wind
30:09 Ancient Protector
31:00 Ancient Protector
31:09 Ancient Protector
» items
| Staff of Preservation | 1 | |
| Scroll of Town Portal | 4 | |
| Potion of Healing | 3 | |
| Orb of Venom | 1 | |
| Anti-magic Potion | 2 | |
| Staff of Teleportation | 2 | |
13 total
FOREST-GUMP (
red | 73 APM | 3258 actions | 44:25)
5 Mountain King
3 Storm Bolt
2 Bash
4 Paladin
2 Holy Light
2 Divine Shield
» actions
| Assign group hotkey | 42 | |
| Basic commands | 287 | |
| Build / train | 92 | |
| Enter build submenu | 25 | |
| Enter hero's abilities submenu | 9 | |
| Give item / drop item | 7 | |
| Right click | 1230 | |
| Select / deselect | 339 | |
| Select group hotkey | 1118 | |
| Use ability | 109 | |
3258 total
» units
| Peasant | 13 | |
| Footman | 9 | |
| Gryphon Rider | 11 | |
33 total
» upgrades
| Masonry | 3 | |
| Lumber Harvesting | 2 | |
| Animal War Training | 1 | |
| Swords | 2 | |
8 total
» buildings
| Altar of Kings | 1 | |
| Barracks | 1 | |
| Farm | 11 | |
| Scout Tower | 25 | |
| Arcane Tower | 2 | |
| Arcane Vault | 2 | |
| Keep | 3 | |
| Lumber Mill | 1 | |
| Guard Tower | 16 | |
| Castle | 2 | |
| Gryphon Aviary | 2 | |
| Blacksmith | 1 | |
| Town Hall | 1 | |
68 total
» build order
00:07 Altar of Kings
00:21 Barracks
00:37 Farm
00:52 Farm
01:37 Scout Tower
01:50 Farm
02:05 Arcane Tower
02:05 Arcane Tower
02:39 Arcane Vault
03:14 Keep
03:14 Keep
03:31 Farm
04:19 Lumber Mill
04:46 Scout Tower
04:47 Scout Tower
04:48 Scout Tower
05:21 Guard Tower
06:00 Guard Tower
06:05 Castle
06:05 Castle
06:16 Gryphon Aviary
06:55 Farm
06:58 Farm
06:58 Farm
08:03 Gryphon Aviary
08:43 Farm
08:43 Farm
09:49 Scout Tower
09:50 Scout Tower
09:51 Scout Tower
09:51 Scout Tower
10:32 Guard Tower
10:35 Scout Tower
10:35 Scout Tower
11:15 Guard Tower
11:16 Scout Tower
11:17 Scout Tower
11:17 Scout Tower
11:26 Farm
11:27 Farm
11:33 Blacksmith
11:49 Guard Tower
12:07 Scout Tower
12:07 Scout Tower
12:08 Scout Tower
12:48 Guard Tower
12:50 Guard Tower
14:54 Scout Tower
14:54 Scout Tower
14:55 Scout Tower
15:37 Guard Tower
15:38 Guard Tower
15:42 Guard Tower
16:07 Arcane Vault
17:46 Guard Tower
23:06 Town Hall
23:08 Scout Tower
23:08 Scout Tower
23:08 Scout Tower
23:09 Scout Tower
23:09 Scout Tower
23:45 Guard Tower
23:45 Guard Tower
» items
| Scroll of Regeneration | 2 | |
| Ivory Tower | 1 | |
| Scroll of Town Portal | 8 | |
| Staff of Teleportation | 1 | |
12 total
Chat log
(01:14 / All) FOREST-GUMP: BASEBALL SUCKS STUPID BORING ALL STAR GAME
(02:00 / All) FOREST-GUMP: f u niggers
(05:54 / Allies) FOREST-GUMP: wood
(06:40 / Allies) JIMMMMMMMMM: brt
(06:45 / Allies) TheAngryPenguin: they skipping
(06:45 / Allies) FOREST-GUMP: come
(07:12 / Allies) FOREST-GUMP: tp
(07:21 / Allies) FOREST-GUMP: tp
(07:30 / Allies) FOREST-GUMP: TP
(07:31 / Allies) FOREST-GUMP: IDIOTS
(07:49 / Allies) JIMMMMMMMMM: turtle for a sec
(07:51 / Allies) JIMMMMMMMMM: ill brt
(09:04 / Allies) FOREST-GUMP: SERIOUSLY GUYS
(09:14 / Allies) FOREST-GUMP: yellow quit cowarding
(09:16 / Allies) FOREST-GUMP: get over here
(09:23 / All) LoveHateLove: lol
(09:25 / All) LoveHateLove: nice mh
(09:49 / All) LoveHateLove: does he have a ward in his base
(09:51 / All) LoveHateLove: or is he mh
(09:59 / Allies) FOREST-GUMP: no
(10:01 / All) FOREST-GUMP: no
(10:47 / Allies) FOREST-GUMP: christ guys
(11:04 / Allies) JIMMMMMMMMM: we are owning
(11:09 / Allies) JIMMMMMMMMM: see pink
(11:47 / All) LoveHateLove: LOL
(11:53 / All) LoveHateLove: MH POS
(11:59 / All) LoveHateLove: I'm reporting you pink
(12:24 / Allies) JIMMMMMMMMM: need red to come
(12:28 / Allies) JIMMMMMMMMM: get b
(13:23 / Allies) FOREST-GUMP: get bears no more dryads
(13:25 / Allies) FOREST-GUMP: gold plz
(13:51 / Allies) TheAngryPenguin: they hitting hard
(14:00 / All) LoveHateLove: wow
(14:38 / Allies) FOREST-GUMP: pink
(14:39 / Allies) FOREST-GUMP: giv eme gold
(14:40 / Allies) FOREST-GUMP: right now
(14:40 / All) LoveHateLove: Pink I will harass blizzard till tehy ban your account for real
(15:11 / All) FOREST-GUMP: nigger pink
(15:13 / All) SujiroKifuja: thats enough noobness for me
(15:16 / All) SujiroKifuja: haras blizzard
(16:41 / All) LoveHateLove: you're so obvious about it too
(17:14 / Allies) TheAngryPenguin: guys
(17:15 / Allies) TheAngryPenguin: GUYS
(17:18 / Allies) TheAngryPenguin: lol
(17:19 / Allies) TheAngryPenguin: shit
(18:21 / Allies) FOREST-GUMP: pink was bsing just letting u guys know
(18:28 / Allies) JIMMMMMMMMM: pinks been owning
(18:34 / Allies) JIMMMMMMMMM: you seem to be bsing
(18:43 / Allies) TheAngryPenguin: can we win yet?
(18:48 / Allies) JIMMMMMMMMM: i dunno
(19:21 / Allies) TheAngryPenguin: coming
(19:21 / Allies) JIMMMMMMMMM: ok
(20:13 / Allies) JIMMMMMMMMM: nice lol
(20:30 / Allies) JIMMMMMMMMM: red saved the day
(20:36 / Allies) JIMMMMMMMMM: pinnk was running all over that fight
(20:39 / Allies) JIMMMMMMMMM: laggin
(20:39 / Allies) FOREST-GUMP: pink is a bser
(21:23 / Allies) FOREST-GUMP: lets hit
(21:23 / Allies) FOREST-GUMP: teal
(21:24 / Allies) FOREST-GUMP: guys
(21:36 / Allies) JIMMMMMMMMM: ok
(22:08 / Allies) JIMMMMMMMMM: b
(22:09 / Allies) JIMMMMMMMMM: b
(22:20 / Allies) JIMMMMMMMMM: need red in this fight
(22:29 / All) FOREST-GUMP: we got this
(22:46 / All) AGENT.NUBSTYX: yellow and pur u know red is tking right?
(22:55 / Allies) JIMMMMMMMMM: ya
(23:00 / Allies) JIMMMMMMMMM: but hes tking u more than us
(23:00 / Allies) AGENT.NUBSTYX: k
(23:10 / Allies) JIMMMMMMMMM: and anything goes in 4v4 rt
(24:01 / All) SujiroKifuja: wtf?
(24:05 / All) FOREST-GUMP: stay
(24:23 / All) FOREST-GUMP: protect me
(24:30 / Allies) TheAngryPenguin: here they come
(25:22 / Allies) AGENT.NUBSTYX: gj
(25:25 / Allies) AGENT.NUBSTYX: we best kill red
(25:46 / Allies) AGENT.NUBSTYX: kill red
(25:48 / Allies) AGENT.NUBSTYX: or kill one of them
(25:49 / Allies) JIMMMMMMMMM: no
(26:03 / All) Oshlt: fucking greens a noob ass
(26:06 / All) LoveHateLove: Blue is such a hypocritical faggot
(26:10 / Allies) JIMMMMMMMMM: gotta hear their rages
(26:12 / All) LoveHateLove: He complained about MH against me
(26:19 / Allies) JIMMMMMMMMM: lol
(26:20 / All) LoveHateLove: Because I revealed with goblin lab in a game about month ago
(26:21 / All) Oshlt: dude that kid sucked dick
(26:25 / All) LoveHateLove: now pink legit has mh
(26:36 / All) LoveHateLove: but I need to learn how to play
(26:48 / All) Oshlt: first of all learn to harass more
(26:50 / All) LoveHateLove: he was holding 3 players!!1!
(26:51 / All) Oshlt: then dont mass fucking air
(26:55 / All) Oshlt: against 2 undead
(26:57 / All) LoveHateLove: how can I harass idiot?
(26:58 / All) LoveHateLove: He has MH
(27:08 / All) Oshlt: if he has a map hack o well
(27:12 / All) Oshlt: its called out playing him
(27:17 / All) JIMMMMMMMMM: u guys talking to us?
(27:25 / All) LoveHateLove: you are such a retard
(27:27 / All) Oshlt: this kid is rtarded
(27:28 / Allies) AGENT.NUBSTYX: lol
(27:30 / Allies) AGENT.NUBSTYX: told ya
(27:31 / Allies) AGENT.NUBSTYX: kill red
(27:31 / All) LoveHateLove: He moves his acos
(27:33 / Allies) JIMMMMMMMMM: ya
(27:36 / All) LoveHateLove: whjen I got to invis harass
(27:59 / All) TheAngryPenguin: EEEK
(28:05 / All) Oshlt: dude there is a reason i am 13+
(28:08 / All) Oshlt: In rt
(28:12 / All) Oshlt: i know how to play
(28:28 / All) LoveHateLove: Why do you complain about MH when it directly effects you|
(28:37 / All) LoveHateLove: I will link you a replay where I raped THE FUCK out of you
(28:42 / All) Oshlt: dude u act like you have never played against one before
(28:43 / Allies) JIMMMMMMMMM: make gargs purp
(28:44 / All) LoveHateLove: and then you complained about MH because I hit an island expo
(28:48 / Allies) AGENT.NUBSTYX: make gargs pupr?
(29:00 / Allies) JIMMMMMMMMM: cuz red is bsing now
(29:06 / Allies) JIMMMMMMMMM: purp mass gargs
(29:15 / All) LoveHateLove: It directly fucked my strategy idiot
(29:23 / All) LoveHateLove: you seem like a 90 IQ cretin
(32:11 / Allies) JIMMMMMMMMM: purp
(33:06 / All) FOREST-GUMP: WE GOT THIS
(33:08 / All) FOREST-GUMP: stupid pink llolz
(33:42 / Allies) JIMMMMMMMMM: purp tp out
(33:47 / Allies) JIMMMMMMMMM: red will kill u
(33:48 / All) TheAngryPenguin: EEEK
(33:55 / All) AGENT.NUBSTYX: pupr
(33:57 / Allies) JIMMMMMMMMM: 'gotta hit his expo
(33:58 / All) AGENT.NUBSTYX: make gargs dammit
(34:23 / Allies) JIMMMMMMMMM: careful
(34:42 / All) FOREST-GUMP: i aint an amatuer
(34:43 / All) FOREST-GUMP: lolz
(35:33 / Allies) JIMMMMMMMMM: if u made gargs 15 min ago when i told u to
(35:35 / Allies) JIMMMMMMMMM: we coulda won
(36:15 / All) TheAngryPenguin: ahhh shit
(36:15 / All) FOREST-GUMP: out yellow and purple
(36:17 / All) FOREST-GUMP: ur time has come
(36:28 / All) FOREST-GUMP: next time pay attention more faggot purple
(36:31 / All) FOREST-GUMP: pink was maphacking
(36:33 / All) FOREST-GUMP: u kill maphackers
(36:47 / All) LoveHateLove: Blue was talking retarded shit
(36:58 / All) LoveHateLove: it's so funny because I have a replay uploaded on highper.ch where he whines about me mhing
(37:06 / All) JIMMMMMMMMM: we had bser on our team all game
(37:08 / All) JIMMMMMMMMM: and i let him bs
(37:14 / All) FOREST-GUMP: man up
(37:15 / All) FOREST-GUMP: yellow
(37:17 / All) FOREST-GUMP: u lost
(37:19 / All) LoveHateLove: yeah well you had a mher too
(37:19 / All) FOREST-GUMP: admit defeat
(37:26 / All) JIMMMMMMMMM: lost 2v5
(37:32 / All) FOREST-GUMP: no u didnt lolz
(37:43 / All) FOREST-GUMP: u and purple kept running like little bitches from hunts
(37:54 / All) JIMMMMMMMMM: we raped while u sat in your base crying
(37:59 / All) JIMMMMMMMMM: if u payed attention
(38:05 / All) JIMMMMMMMMM: and pink owned a main
(38:11 / All) JIMMMMMMMMM: while u sat in base crying like a nerd
(38:17 / All) FOREST-GUMP: do u not understan dyellow
(38:20 / All) FOREST-GUMP: u have been hoaxed
(38:21 / All) FOREST-GUMP: idiot
(38:37 / All) FOREST-GUMP: i had to stab early cuz pink was gonna hit green
(39:53 / All) LoveHateLove: Blue whining about mh: http://highper.ch/tower%20rush%20comeback
(39:54 / All) FOREST-GUMP: this game would have been a lot easier if ur stupid team stayed away from my base
(40:11 / All) FOREST-GUMP: and if pink didnt mh
(42:20 / All) FOREST-GUMP: i hate my internet so much i right click on a spot and my units go there 2 seconds later
(42:55 / All) FOREST-GUMP: u sure pink was maphacking i wasnt watching that side of map
(43:00 / All) LoveHateLove: 100%
(43:03 / All) LoveHateLove: watch replay
(43:13 / All) FOREST-GUMP: he used dust to see ur shit?
(43:17 / All) LoveHateLove: he knew where I was going
(43:27 / All) LoveHateLove: No
(43:37 / All) LoveHateLove: watch replay
(43:42 / All) LoveHateLove: it's not debateable
(43:59 / All) FOREST-GUMP: yellow was feeding purple fo rgargs
(44:11 / All) FOREST-GUMP: his dumbass made an expo instead of defending my expo
(44:20 / All) LoveHateLove: selfish players